 Dungeon Crawl Stone Soup version 0.25-a0-294-gea9b1ad378 (webtiles) character file.

Game seed: 16203681789847787598, levelgen mode: deterministic

377 MirrMurr the Poker (level 6, 0/53 HPs)
             Began as a Centaur Berserker on Dec 17, 2019.
             Was a Believer of Trog.
             Succumbed to a scorpion's poison
             ... on level 6 of the Dungeon.
             The game lasted 00:07:26 (2442 turns).

MirrMurr the Poker (Centaur Berserker)              Turns: 2442, Time: 00:07:27

Health: 0/53       AC:  9    Str: 21    XL:     6   Next: 45%
Magic:  6/6        EV:  5    Int:  6    God:    Trog [**....]
Gold:   102        SH:  4    Dex: 11    Spells: 5/5 levels left

rFire    . . .     SeeInvis .   a - +0 spear
rCold    + . .     Gourm    .   g - +0 buckler
rNeg     . . .     Faith    .   t - +1 chain mail {rC+}
rPois    .         Spirit   .   (no helmet)
rElec    .         Reflect  .   v - +0 cloak
rCorr    .         Harm     .   (no gloves)
MR       .....                  (no barding)
Stlth    ..........             (no amulet)
HPRegen  0.17/turn              n - +2 ring of dexterity
MPRegen  0.10/turn              (no ring)

@: lethally poisoned (0 -> -9), berserk cooldown, slowed, very slow
A: large, hooves 3, deformed body, speed 2, tough skin 3
a: Berserk, Trog's Hand, Renounce Religion


You were on level 6 of the Dungeon.
You worshipped Trog.
Trog was pleased with you.
You were very hungry.

You visited 1 branch of the dungeon, and saw 4 of its levels.

You collected 102 gold pieces.

Inventory:

Hand Weapons
 a - a +0 spear (weapon)
Missiles
 b - 37 arrows
 d - 2 throwing nets {!f}
 e - 73 stones
 o - 7 poisoned darts
 u - 6 javelins (quivered)
Armour
 g - a +0 buckler (worn)
 t - a +1 chain mail of cold resistance (worn)
 v - a +0 cloak (worn)
Jewellery
 n - a +2 ring of dexterity (left hand)
Scrolls
 i - 2 scrolls of teleportation
 r - a scroll of remove curse
Potions
 j - 2 potions of resistance
 p - a potion of heal wounds
 s - a potion of curing
Comestibles
 c - 7 rations
 f - 2 chunks of flesh


   Skills:
 + Level 4.5 Fighting
 * Level 5.2 Polearms
 - Level 1.3 Armour
 - Level 1.3 Dodging
 + Level 1.7 Shields


You had 5 spell levels left.
You didn't know any spells.
Your spell library was empty.

Dungeon Overview and Level Annotations

Branches:
Dungeon (3/15)

Altars:
Gozag
Vehumet


Innate Abilities, Weirdness & Mutations

You have hooves in place of feet.
Armour fits poorly on your strangely shaped body.
You cover ground very quickly.
You have extremely tough skin. (AC +3)


Message History

You are poisoned.
The scorpion poisons you! The scorpion barely misses you.
You hit the scorpion.
The scorpion is moderately wounded.
You feel sick. The scorpion stings you.
* * * LOW HITPOINT WARNING * * *
You hit the scorpion but do no damage. You kick the scorpion.
The scorpion is heavily wounded.
You feel sick. The scorpion stings you.
* * * LOW HITPOINT WARNING * * *
You are lethally poisoned!
The scorpion poisons you!
You hit the scorpion. Your kick misses the scorpion.
The scorpion is severely wounded.
* * * LOW HITPOINT WARNING * * *
You feel sick. The scorpion stings you.
* * * LOW HITPOINT WARNING * * *
You hit the scorpion but do no damage. Your kick misses the scorpion.
The scorpion is severely wounded.
You die...

#.....### #.....##
+#######g.....##
................
##...........#
#..$........#
###.........#
##########..........
#≈†@s≈≈≈†≈......##..
##########.........>
###########


You could see a scorpion.

Vanquished Creatures
  A sky beast (D:6)
  Crazy Yiuf (D:2)
  A hound (D:6)
  Jessica (D:2)
  An iguana (D:6)
  8 gnolls
  5 adders
  5 worms (D:2)
  A dart slug (D:2)
  A leopard gecko (D:6)
  2 giant cockroaches
  2 goblins (D:1)
  A hobgoblin (D:1)
  2 jackals (D:1)
  4 kobolds
  A quokka (D:2)
  4 bats
  6 frilled lizards
  5 rats
52 creatures vanquished.

Notes
Turn   | Place    | Note
-------+----------+-------------------------------------------
     0 | D:1      | MirrMurr the Centaur Berserker began the quest for the Orb.
     0 | D:1      | Reached XP level 1. HP: 19/19 MP: 1/1
   128 | D:1      | Reached skill level 3 in Polearms
   244 | D:1      | Reached XP level 2. HP: 26/26 MP: 2/2
   790 | D:2      | Reached XP level 3. HP: 31/31 MP: 3/3
   888 | D:2      | Reached ** piety under Trog
  1081 | D:2      | Reached XP level 4. HP: 31/40 MP: 4/4
  1098 | D:2      | Reached skill level 4 in Polearms
  1110 | D:2      | Noticed Jessica
  1115 | D:2      | Killed Jessica
  1611 | D:2      | Reached XP level 5. HP: 46/46 MP: 5/5
  1685 | D:2      | Reached skill level 1 in Shields
  1775 | D:2      | Found an opulent altar of Gozag.
  1775 | D:2      | Found a radiant altar of Vehumet.
  1904 | D:2      | Found a runed translucent door.
  1905 | D:2      | Noticed Crazy Yiuf
  2060 | D:2      | Killed Crazy Yiuf
  2269 | D:3      | You fall into a shaft and drop 3 floors!
  2271 | D:6      | Noticed a sky beast
  2286 | D:6      | Killed a sky beast
  2286 | D:6      | Reached skill level 5 in Polearms
  2286 | D:6      | Reached XP level 6. HP: 50/53 MP: 6/6
  2404 | D:6      | Found a glowing drain.
  2441 | D:6      | HP: 1/53 [scorpion (5)]
  2442 | D:6      | Succumbed to a scorpion's poison

Levels and vault maps discovered:
D:1:      psy_arrival_fountain, layout_loops_ring
D:2:      layout_loops_cross, gammafunk_temple_overflow_wave, st_stairs_13,
          uniq_jessica, uniq_crazy_yiuf_cottage
D:3:      layout_basic, uniq_sigmund
D:6:      layout_basic, kennysheep_little_box, serial_rivers,
          chequers_serial_rivers_micro_e, chequers_serial_rivers_room_a,
          chequers_serial_rivers_large_a, chequers_serial_rivers_room_a,
          portal_sewer_entry_d, minmay_door_square

Skill      XL: |  1  2  3  4  5 |
---------------+----------------+-----
Polearms       | 3 4 5 |  5.2
Fighting       | 4 |  4.5
Shields        | 1 |  1.7
Armour         | |  1.3
Dodging        | |  1.3

Action                   |  1- 3 |  4- 6 || total
-------------------------+-------+-------++-------
Melee: Spear             |   101 |   128 ||   229
       Kick              |     9 |    28 ||    37
Invok: Berserk           |     1 |     4 ||     5
  Use: Scroll            |       |     8 ||     8
  Eat: Chunk             |     1 |     6 ||     7
Armor: Animal skin       |    13 |       ||    13
       Scale mail        |    18 |    11 ||    29
       Chain mail        |       |    17 ||    17
Dodge: Dodged            |    32 |    21 ||    53
Block: Buckler           |     5 |    11 ||    16

Table legend:
 A = Non-vault XP
 B = Vault XP
 C = Vault XP percentage of total XP
 D = Non-vault monster count
 E = Vault monster count
 F = Vault count percentage of total count
                 A         B        C        D         E       F
            +---------+---------+-------+---------+---------+-------
      Total |     444 |      95 |  17.6 |      48 |       4 |   7.7
            +---------+---------+-------+---------+---------+-------
        D:1 |      40 |       0 |   0.0 |      19 |       0 |   0.0
        D:2 |     166 |      82 |  33.1 |      21 |       3 |  12.5
        D:3 |       2 |       0 |   0.0 |       2 |       0 |   0.0
        D:6 |     236 |      13 |   5.2 |       6 |       1 |  14.3
            +---------+---------+-------+---------+---------+-------
